 Dungeon Crawl Stone Soup version 0.24.0-123-gd5b16e6ec5 (webtiles) character file.

Game seed: 2761141368526020861, levelgen mode: deterministic

1328 Chiseanne the Skirmisher (level 8, 0/63 HPs)
             Began as a Demonspawn Wanderer on Jan 24, 2020.
             Was an Initiate of Gozag.
             Slain by an orc warrior
             ... wielding a +0 war axe
              (11 damage)
             ... on level 6 of the Dungeon.
             The game lasted 00:16:03 (6065 turns).

Chiseanne the Skirmisher (Demonspawn Wanderer)      Turns: 6065, Time: 00:16:04

Health: 0/63       AC:  6    Str: 13    XL:     8   Next: 34%
Magic:  0/9        EV: 14    Int: 14    God:    Gozag
Gold:   291        SH: 13    Dex: 14    Spells: 9/9 levels left

rFire    + . .     SeeInvis .   a - +2 spear (venom)
rCold    + . .     Gourm    .   u - +0 buckler
rNeg     . . .     Faith    .   v - +3 leather armour {rF+}
rPois    +         Spirit   +   (helmet restricted)
rElec    .         Reflect  .   (no cloak)
rCorr    .         Harm     .   (no gloves)
MR       .....                  (no boots)
Stlth    ++........             h - amulet of rage
HPRegen  0.20/turn              m - ring of protection from cold
MPRegen  0.11/turn              K - ring of poison resistance

@: no status effects
A: antennae 1, large bone plates 3, demonic guardian 1, magic shield
a: Potion Petition, Call Merchant, Bribe Branch, Renounce Religion, Evoke
Berserk Rage


You were on level 6 of the Dungeon.
You worshipped Gozag.
Gozag was aware of your devotion.
You were not hungry.

You visited 2 branches of the dungeon, and saw 7 of its levels.
You also visited: Sewer.

You collected 414 gold pieces.
You paid 123 gold pieces to Gozag.

Inventory:

Hand Weapons
 a - a +2 spear of venom (weapon)
 s - a +0 short sword of electrocution
 w - a +2 hand crossbow
 L - a +4 flail of protection
Missiles
 b - 35 bolts
 f - 19 poisoned darts (quivered)
 i - 193 stones
 q - a throwing net
 r - 77 arrows
 A - 48 sling bullets
 G - 2 boomerangs
 H - 6 curare-tipped darts
Armour
 u - a +0 buckler (worn)
 v - a +3 leather armour of fire resistance (worn)
 N - a +2 ring mail of poison resistance
 O - a +0 buckler
 Q - the cursed +0 ring mail "Zust" {Regen+ Str-2 Dex+3 Slay+2, unknown}
   (You found it on level 6 of the Dungeon)

   It affects your strength (-2).
   It affects your dexterity (+3).
   It affects your accuracy and damage with ranged weapons and melee attacks
   (+2).
   It increases your rate of regeneration.
   It has a curse placed upon it.
Magical Staves
 I - an uncursed staff of wizardry
Jewellery
 h - an amulet of rage (around neck)
 m - a ring of protection from cold (left hand)
 p - an uncursed ring of magical power {unknown}
 E - a +2 ring of protection {unknown}
 J - the ring of Shadows {Umbra +Inv Stlth+}
   (You found it on level 6 of the Dungeon)

   [ring of stealth]

   It lets you turn invisible.
   It makes you more stealthy.
 K - a ring of poison resistance (right hand)
Wands
 e - a wand of paralysis (1)
 n - a wand of flame (13)
 C - a wand of digging (5)
 F - a wand of polymorph (9)
 P - a wand of disintegration (6)
Scrolls
 d - 6 scrolls of teleportation
 t - 3 scrolls of amnesia
 x - a scroll of fog
 B - a scroll of immolation
Potions
 c - a potion of ambrosia {unknown}
 j - a potion of might {unknown}
 k - 5 potions of haste
 l - a potion of degeneration {unknown}
 o - a potion of curing {unknown}
 y - 4 potions of agility
 z - a potion of lignification {unknown}
 D - 2 potions of mutation
 M - a potion of flight
Comestibles
 g - 10 rations


   Skills:
 * Level 5.5 Fighting
 * Level 5.0 Crossbows
 - Level 1.5 Armour
 * Level 4.4 Dodging
 - Level 2.0 Stealth
 * Level 3.6 Shields
 - Level 1.3 Spellcasting
   Level 2.0 Poison Magic


You had 9 spell levels left.
You didn't know any spells.
Your spell library contained the following spells:

 Spells                   Type           Power        Failure   Level  Hunger
 Sandblast                Erth           #.....       34%         1    ##.....
 Stone Arrow              Conj/Erth      #.....       71%         3    ####...
 Summon Lightning Spire   Summ/Air       #.......     98%         4    #####..
 Silence                  Hex/Air        #.........   100%        5    ######.
 Conjure Ball Lightning   Conj/Air       #.........   100%        6    #######
 Deflect Missiles         Chrm/Air       #.........   100%        6    #######
 Tornado                  Air            #.........   100%        9    #######


Dungeon Overview and Level Annotations

Branches:
Dungeon (6/15)             Temple (1/1) D:5           Sewer (visited)

Altars:
Ashenzari
Cheibriados
Dithmenos
Elyvilon
Fedhas
Gozag
Hepliaklqana
Kikubaaqudgha
Okawaru
Qazlal
Ru
Sif Muna
Uskayaw
Wu Jian
Xom
Yredelemnul
Zin
The Shining One


Innate Abilities, Weirdness & Mutations

You have a pair of small antennae on your head.
You are completely covered in large bone plates. (SH +8)
A weak demonic guardian rushes to your aid.
When hurt, damage is shared between your health and your magic reserves.


Message History

The orc priest invokes the aid of Beogh against you.
You struggle to resist.
You block the orc's attack.
You closely miss the orc priest.
The orc warrior looks more healthy.
You block the orc priest's attack.
The orc warrior hits you with a +0 war axe!
The orc throws a boomerang.
You block the boomerang.
The weapon returns to the orc!
The orc barely misses you.
You barely miss the orc priest. The orc closely misses you.
The orc throws a boomerang.
You block the boomerang.
The weapon returns to the orc!
The orc priest barely misses you.
The orc warrior hits you with a +0 war axe!!
You hit the orc priest.
The orc priest is poisoned.
The orc priest is lightly wounded.
You block the orc's attack.
The orc priest invokes the aid of Beogh against you.
Beogh smites you!
* * * LOW HITPOINT WARNING * * *
The orc warrior hits you with a +0 war axe!
You die...
Your body crumbles into a pile of gold.

.# .#####. .. . ###.. #.
## #.... ..###. #.###
....## #.###
...###..####### ###....
...........o..######....##
..####.#####$...(#...>...
........o@o...............
...####..oo######.........
####.# #......... $ ..#
#......... #.# ##........
.. ##...#... ... ########
..##


You could see an orc warrior, an orc priest and 2 orcs.

Vanquished Creatures
  Edmund (D:5)
  An ogre (D:4)
  3 phantoms
  A centaur (D:5)
  A crocodile (Sewer)
  2 scorpions (D:4)
  A howler monkey (D:4)
  A crimson imp (D:6)
  2 orc priests (D:3)
  A hound (D:5)
  2 bullfrog skeletons (D:4)
  2 orc wizards (D:5)
  Ijyb (D:3)
  A worker ant (D:4)
  A worker ant zombie (D:4)
  4 adders
  A shadow imp (D:6)
  A worm (D:4)
  10 leopard geckos
  10 orcs
  2 ball pythons
  10 bats
  5 giant cockroaches
  7 goblins
  5 hobgoblins
  6 jackals
  10 kobolds
  A quokka (D:3)
  10 frilled lizards
  A jackal zombie (D:5)
  2 rats (D:3)
106 creatures vanquished.

Vanquished Creatures (collateral kills)
  2 ogres (D:4)
  A scorpion (D:4)
  An orc priest (D:4)
  A worker ant (D:5)
  5 orcs
10 creatures vanquished.

Grand Total: 116 creatures vanquished

Notes
Turn   | Place    | Note
-------+----------+-------------------------------------------
     0 | D:1      | Chiseanne the Demonspawn Wanderer began the quest for the
                  | Orb.
     0 | D:1      | Chiseanne set off with the following items: a +2 hand
                  | crossbow, 28 bolts, a scroll of teleportation, a +0 robe, a
                  | +0 dagger, a ration; and the following spell memorised:
                  | Sandblast; and the following spells available to memorise:
                  | Stone Arrow
     0 | D:1      | Reached XP level 1. HP: 16/16 MP: 2/2
   126 | D:1      | Gained mutation: You are partially covered in large bone
                  | plates. (SH +4) [demonic ancestry]
   126 | D:1      | Reached XP level 2. HP: 22/22 MP: 3/3
   371 | D:1      | Reached XP level 3. HP: 28/28 MP: 4/4
  1036 | D:2      | Found a hazy altar of Hepliaklqana.
  1263 | D:2      | Reached skill level 1 in Dodging
  1309 | D:3      | Noticed Ijyb
  1488 | D:3      | Paralysed by Ijyb for 3 turns
  1493 | D:3      | Paralysed by Ijyb for 6 turns
  1499 | D:3      | Killed Ijyb
  1499 | D:3      | Gained mutation: You are mostly covered in large bone
                  | plates. (SH +6) [demonic ancestry]
  1499 | D:3      | Reached XP level 4. HP: 28/34 MP: 5/5
  1595 | D:3      | Noticed a phantom
  1604 | D:3      | Killed a phantom
  1604 | D:3      | Gained mutation: A weak demonic guardian rushes to your
                  | aid. [demonic ancestry]
  1604 | D:3      | Reached XP level 5. HP: 41/41 MP: 6/6
  2671 | D:4      | Reached skill level 1 in Shields
  2671 | D:4      | Gained mutation: You have a pair of small antennae on your
                  | head. [demonic ancestry]
  2671 | D:4      | Reached XP level 6. HP: 48/48 MP: 7/7
  2675 | D:4      | Found a shimmering blue altar of Sif Muna.
  2676 | D:4      | Found a hide-covered altar of Uskayaw.
  3174 | D:4      | Gained mutation: When hurt, damage is shared between your
                  | health and your magic reserves. [demonic ancestry]
  3174 | D:4      | Reached XP level 7. HP: 54/54 MP: 8/8
  3591 | D:4      | Found a glowing silver altar of Zin.
  3889 | D:5      | Entered Level 5 of the Dungeon
  4004 | D:5      | Reached skill level 5 in Fighting
  4105 | D:5      | Found a snail-covered altar of Cheibriados.
  4285 | D:5      | Found a glowing drain.
  4311 | Sewer    | Entered a sewer
  4391 | Sewer    | Gained mutation: You are completely covered in large bone
                  | plates. (SH +8) [demonic ancestry]
  4391 | Sewer    | Reached XP level 8. HP: 47/62 MP: 6/9
  4596 | D:5      | Found a stormy altar of Qazlal.
  4599 | D:5      | Noticed an air elemental
  4790 | D:5      | Found a staircase to the Ecumenical Temple.
  4950 | Temple   | Entered the Ecumenical Temple
  4992 | Temple   | Became a worshipper of Gozag Ym Sagoz the Greedy
  5133 | D:5      | Noticed Edmund
  5174 | D:5      | Killed Edmund
  5854 | D:6      | Found the ring of Shadows {Umbra +Inv Stlth+}
  5871 | D:6      | Reached skill level 5 in Crossbows
  5994 | D:6      | Got a translucent ring mail
  6065 | D:6      | Slain by an orc warrior

Levels and vault maps discovered:
D:1:      kennysheep_arrival_forest, layout_rooms
D:2:      layout_loops_corners, lemuel_doored_altar,
          chequers_serial_rivers_room_b, minmay_door_square
D:3:      layout_loops_ring, first_ration, uniq_ijyb
D:4:      layout_gridville, zin_treasury, gammafunk_temple_overflow_pools,
          serial_co_window_serial, co_window_paths_a, co_window_corner_a,
          co_window_paths_a, co_window_paths_a, co_window_corner_a,
          co_window_2corner, co_window_2corner, co_window_unsneaky_path_a
D:5:      layout_layer_cave, nicolae_qazlal_style_of_elements,
          kennysheep_mini_moat, temple_pool_b, portal_sewer_entry_f, uniq_edmund
D:6:      layout_rooms, serial_shops, shop, minmay_divided_ellipse
Temple:   minmay_temple_bridge_abc

Skill      XL: |  1  2  3  4  5  6  7  8 |
---------------+-------------------------+-----
Stealth        | 2 |  2.0
Crossbows      | 2 3 4 5 |  5.0
Dodging        | 1 2 3 4 |  4.4
Fighting       | 3 4 5 |  5.5
Shields        | 1 2 3 |  3.6
Armour         | |  1.5
Spellcasting   | |  1.3
Poison Magic   | |  2.0

Action                   |  1- 3 |  4- 6 |  7- 9 || total
-------------------------+-------+-------+-------++-------
Melee: Dagger            |     1 |       |       ||     1
       Short sword       |       |    86 |    20 ||   106
       Spear             |       |       |   121 ||   121
       Unarmed           |       |       |     4 ||     4
 Fire: Hand crossbow     |    72 |    17 |    26 ||   115
Throw: Dart              |       |       |     6 ||     6
  Use: Scroll            |     5 |       |     7 ||    12
 Stab: Sleeping          |       |     4 |     2 ||     6
       Distracted        |       |     1 |     1 ||     2
       Confused          |       |       |     1 ||     1
  Eat: Chunk             |     2 |     5 |     6 ||    13
       Ration            |       |       |     2 ||     2
Armor: Robe              |     4 |       |       ||     4
       Ring mail         |     6 |     2 |       ||     8
       Leather armour    |       |    10 |    23 ||    33
Dodge: Dodged            |    20 |    33 |    40 ||    93
Block: Other             |     2 |       |       ||     2
       Buckler           |       |    29 |    82 ||   111
